[Event "Veteran-SM 65+ 2025"]
[Site "Uppsala, Sweden"]
[Date "2025.07.04"]
[Round "7.2"]
[White "Andersson, Anders"]
[Black "Sigeman, Johan"]
[Result "1/2-1/2"]
[TimeControl "90 min for 40 move + 30 min with an increment of 30 sec starting move 1"]
[WhiteFideId "1738259"]
[BlackFideId "1705601"]
[WhiteElo "1991"]
[BlackElo "2012"]

1. e4 e5 2. Nf3 Nc6 3. Bc4 Nf6 4. d3 h6 5. c3 d6 6. h3 g5 7. Nbd2 Bg7 8. Nf1 Na5 9. Ne3 Nxc4 10.
Nxc4 Be6 11. Ne3 d5 12. Nf5 Bxf5 1/2-1/2

[Event "Veteran-SM 65+ 2025"]
[Site "Uppsala, Sweden"]
[Date "2025.07.04"]
[Round "7.3"]
[White "Korning, Peter"]
[Black "Larsson, Per-Olov"]
[Result "1/2-1/2"]
[TimeControl "90 min for 40 move + 30 min with an increment of 30 sec starting move 1"]
[WhiteFideId "1723332"]
[BlackFideId "1717774"]
[WhiteElo "1944"]
[BlackElo "1914"]

1. e4 c5 2. d4 cxd4 3. c3 dxc3 4. Nxc3 Nc6 5. Nf3 d6 6. Bc4 a6 7. O-O Nf6 8. Bf4 Bg4 9. h3 Bxf3 10.
Qxf3 e6 11. Rfd1 Qb8 12. Be2 Be7 13. Qg3 O-O 14. Bxd6 Bxd6 15. Qxd6 Qxd6 16. Rxd6 Rfd8 17. Rad1 Rxd6 18. Rxd6 Rd8 19.
Rxd8+ Nxd8 20. e5 Nd7 21. f4 f6 22. exf6 Nxf6 23. Bf3 Kf7 24. Kf2 Ke7 25. Ke3 Kd6 26. Ne4+ Nxe4 27. Bxe4 h6 28.
Kd4 g5 29. fxg5 hxg5 30. g3 b6 31. h4 gxh4 32. gxh4 Nf7 33. Bb7 Nh6 34. Be4 Ng4 35. Bf3 Nh6 36. Ke4 Ke7 37. Be2 a5 38.
h5 Nf7 39. Kd4 Kd7 40. Bb5+ Ke7 41. Bd3 Kf6 42. Bg6 Nd6 43. Bd3 Nf7 44. h6 Nxh6 45. Kc4 Ng4 46. Kb5 Ne5 47. Be2 Nd7 48.
Kc6 Ke7 49. Kc7 e5 50. Bb5 Nf6 51. Kxb6 e4 52. Kxa5 Kd6 53. Kb4 e3 54. Kc3 Kc5 55. Be2 Nd5+ 56. Kc2 Nb4+ 57. Kb3 Nd5 58.
Kc2 Nb4+ 59. Kb3 Nd5 60. Kc2 Nb4+ 61. Kb3 1/2-1/2

[Event "Veteran-SM 65+ 2025"]
[Site "Uppsala, Sweden"]
[Date "2025.07.04"]
[Round "7.4"]
[White "Hogberg, Thomas"]
[Black "Johansson, Jan"]
[Result "0-1"]
[TimeControl "90 min for 40 move + 30 min with an increment of 30 sec starting move 1"]
[BlackTitle "IM"]
[WhiteFideId "1706039"]
[BlackFideId "1700103"]
[WhiteElo "1979"]
[BlackElo "2258"]

1. b3 e5 2. Bb2 Nc6 3. e3 Nf6 4. c4 d5 5. cxd5 Nxd5 6. a3 Bd6 7. Qc2 O-O 8. Nf3 Re8 9. Nc3 Nxc3 10.
Qxc3 Qf6 11. Be2 a5 12. h3 Bf5 13. Nh2 Qg6 14. g4 Bd7 15. f3 Qf6 16. Kf2 Nd4 17. Bd1 Qh4+ 18. Kg2 Bc6 19.
Nf1 Nb5 20. Qc4 e4 21. f4 Bxf4 22. Qe2 Be5 23. Bxe5 Rxe5 24. Ng3 g6 25. Rf1 Rd8 26. Rf4 Red5 27. Nf1 Rd3 28. Bc2 Nd4 29.
Qd1 Ne6 30. Rf2 Ng5 31. Nh2 Qxh3+ 32. Kg1 Qg3+ 33. Rg2 Qxg2+ 34. Kxg2 Rxd2+ 35. Kg3 Rxd1 0-1

[Event "Veteran-SM 65+ 2025"]
[Site "Uppsala, Sweden"]
[Date "2025.07.04"]
[Round "7.5"]
[White "Carlsson, Ingvar"]
[Black "Dolata, Henryk"]
[Result "1/2-1/2"]
[TimeControl "90 min for 40 move + 30 min with an increment of 30 sec starting move 1"]
[WhiteFideId "1702670"]
[BlackFideId "1709046"]
[WhiteElo "1987"]
[BlackElo "1958"]

1. e4 e6 2. d4 d5 3. Nc3 dxe4 4. Nxe4 Bd7 5. Nf3 Bc6 6. Bd3 Nd7 7. O-O Ngf6 8. Ned2 Be7 9. c4 O-O 10.
b3 b6 11. Bb2 Bb7 12. Qc2 c5 13. Ng5 h6 14. Nh7 Re8 15. Nxf6+ Bxf6 16. Ne4 Be7 17. Rad1 Qc7 18. dxc5 bxc5 19.
Qe2 Rad8 20. Qg4 e5 21. Bc2 Nf6 22. Nxf6+ Bxf6 23. Rfe1 Rxd1 24. Rxd1 Rd8 25. Qe2 1/2-1/2

[Event "Veteran-SM 65+ 2025"]
[Site "Uppsala, Sweden"]
[Date "2025.07.04"]
[Round "7.6"]
[White "Gromark, Per-Olof"]
[Black "Malmdin, Nils-Ake"]
[Result "0-1"]
[TimeControl "90 min for 40 move + 30 min with an increment of 30 sec starting move 1"]
[BlackTitle "FM"]
[WhiteFideId "1722433"]
[BlackFideId "1701584"]
[WhiteElo "1915"]
[BlackElo "2103"]

1. c4 e5 2. Nc3 Nf6 3. g3 Be7 4. Bg2 c6 5. Nf3 d6 6. d4 Qc7 7. O-O Nbd7 8. Qc2 O-O 9. b3 Re8 10.
Ba3 Bf8 11. dxe5 dxe5 12. Bxf8 Nxf8 13. Ng5 h6 14. Nge4 Nxe4 15. Nxe4 Ne6 16. e3 f5 17. Nc3 Qf7 18. b4 f4 19.
Be4 Nf8 20. c5 f3 21. Rfe1 Bh3 22. Bd3 Qh5 23. Qb3+ Kh8 24. Qc4 e4 25. Bf1 Bf5 26. Red1 Ng6 27. Rd4 Ne5 28. Qb3 Ng4 29.
h3 Nf6 30. h4 g5 0-1

[Event "Veteran-SM 65+ 2025"]
[Site "Uppsala, Sweden"]
[Date "2025.07.04"]
[Round "7.7"]
[White "Green, Per"]
[Black "Magnussen, Pal"]
[Result "1-0"]
[TimeControl "90 min for 40 move + 30 min with an increment of 30 sec starting move 1"]
[WhiteFideId "1703811"]
[BlackFideId "1711814"]
[WhiteElo "1954"]
[BlackElo "1954"]

1. c4 e5 2. g3 Nc6 3. Bg2 Nf6 4. Nf3 d5 5. cxd5 Nxd5 6. Nc3 Be6 7. O-O Be7 8. d4 Nxc3 9. bxc3 e4 10.
Nd2 f5 11. Qa4 O-O 12. Rb1 Rb8 13. e3 a6 14. f3 exf3 15. Nxf3 Bd5 16. Bd2 b5 17. Qd1 Qc8 18. a4 Qe6 19.
axb5 axb5 20. Re1 g5 21. e4 Bxe4 22. Nxg5 Bxg5 23. Bxg5 Qd5 24. Bxe4 fxe4 25. Qg4 Kh8 26. Bh6 Rg8 27.
Qxe4 Qd7 28. d5 Qh3 29. Bf4 Rbe8 30. Qxe8 Rxe8 31. Rxe8+ Kg7 32. dxc6 Qf5 33. Rbe1 Qc5+ 34. R8e3 h5 35.
Bxc7 h4 36. gxh4 Kg6 37. Be5 Qxc6 38. Bd4 1-0

[Event "Veteran-SM 65+ 2025"]
[Site "Uppsala, Sweden"]
[Date "2025.07.04"]
[Round "7.8"]
[White "Salholm, Soren"]
[Black "Haggvik, Kjell"]
[Result "1/2-1/2"]
[TimeControl "90 min for 40 move + 30 min with an increment of 30 sec starting move 1"]
[WhiteFideId "1722824"]
[BlackFideId "1776495"]
[WhiteElo "1887"]
[BlackElo "1932"]

1. e4 Nf6 2. e5 Nd5 3.
d4 d6 4. exd6 exd6 5. Nf3 Be7 6. Nc3 Nxc3 7. bxc3 Bf5 8. Bd3 Bxd3 9. Qxd3 O-O 10.
O-O Bf6 11. Bf4 Nc6 12. h3 g6 13. Rab1 b6 14. Nd2 d5 15. Qg3 Bh4 16. Qh2 Rc8 17. Rbe1 Bf6 18. Nf3 Na5 19. Bh6 Re8 20. Qf4 Rxe1 21. Rxe1 Bg7 22.
Ng5 Qd7 23. Bxg7 Kxg7 24. Nf3 Nc4 25. Ne5 Qe6 26. Kf1 Re8 27. Nd3 Qd7 28. Rxe8 Qxe8 29. Qxc7 Qb5 30. Kg1 Qb1+ 31. Kh2 Qxc2 1/2-1/2

[Event "Veteran-SM 65+ 2025"]
[Site "Uppsala, Sweden"]
[Date "2025.07.05"]
[Round "8.1"]
[White "Johansson, Jan"]
[Black "Franchuck, Ivan"]
[Result "1-0"]
[TimeControl "90 min for 40 move + 30 min with an increment of 30 sec starting move 1"]
[WhiteTitle "IM"]
[WhiteFideId "1700103"]
[BlackFideId "14140187"]
[WhiteElo "2258"]
[BlackElo "2006"]

1. e4 c6 2. d4 d5 3. e5 Bf5 4. Nf3 e6 5. Be2 c5 6. Be3 Qb6 7. Nbd2 Nc6 8. dxc5 Bxc5 9. Bxc5 Qxc5 10. c4 Nge7 11. O-O O-O 12. Rc1 Rfd8 13. Qb3 Qb4 14. cxd5 Nxd5 15.
Bb5 Qxb3 16. Nxb3 Ncb4 17. Nc5 b6 18. Nb7 Rdc8 19. Rxc8+ Rxc8 20. Nd6 Rc5 21. a3 Nd3 22. b4 Rc3 23.
Ra1 Bg6 24. h3 f6 25. exf6 gxf6 26. Nd4 Kf8 27. Ne2 Rc7 28. Ba4 a6 29. Bb3 b5 30. Ng3 Rc3 31. Bxd5 exd5 32. h4 Ke7 33.
Ndf5+ Ke6 34. Nd4+ Kd6 35. a4 Rc4 36. axb5 axb5 37. Ra6+ Kd7 38. Nxb5 Nxb4 39. h5 Rc1+ 40. Kh2 Bd3 41.
Ra7+ Ke6 42. Nd4+ Ke5 43. Nf3+ Kd6 44. h6 Bg6 45. Nh4 Bd3 46. Ngf5+ Ke5 47. Re7+ Kf4 48. g3+ Kg5 49. Rg7+ 1-0

[Event "Veteran-SM 65+ 2025"]
[Site "Uppsala, Sweden"]
[Date "2025.07.05"]
[Round "8.2"]
[White "Marttala, Thomas"]
[Black "Korning, Peter"]
[Result "1-0"]
[TimeControl "90 min for 40 move + 30 min with an increment of 30 sec starting move 1"]
[WhiteFideId "1701118"]
[BlackFideId "1723332"]
[WhiteElo "2123"]
[BlackElo "1944"]

1. d4 d5 2. Nf3 Nf6 3. g3 c5 4. Bg2 Nc6 5. O-O e6 6. dxc5 Bxc5 7. c4 O-O 8. Bg5 h6 9. Bxf6 Qxf6 10.
cxd5 exd5 11. Nc3 d4 12. Ne4 Qe7 13. Nxc5 Qxc5 14. Ne1 Bf5 15. Qd2 Rad8 16. Nd3 Bxd3 17. exd3 Rfe8 18. Rac1 Qb4 19.
Rfd1 Qxd2 20. Rxd2 Rd6 21. Kf1 Kf8 22. Rc4 a5 23. Bxc6 bxc6 24. Rdc2 Rb8 25. b3 Rb6 26. Rc5 Ra6 27.
R2c4 Ke7 28. Ra4 Rd5 29. Rxd5 cxd5 30. Rxd4 Kd6 31. Ra4 Kc6 32. b4 Kb7 33. Rxa5 Rb6 34. a3 Kc6 35. Ke2 d4 36. Kf3 Rb7 37.
Ke4 1-0

[Event "Veteran-SM 65+ 2025"]
[Site "Uppsala, Sweden"]
[Date "2025.07.05"]
[Round "8.3"]
[White "Sigeman, Johan"]
[Black "Larsson, Per-Olov"]
[Result "1/2-1/2"]
[TimeControl "90 min for 40 move + 30 min with an increment of 30 sec starting move 1"]
[WhiteFideId "1705601"]
[BlackFideId "1717774"]
[WhiteElo "2012"]
[BlackElo "1914"]

1. d4 Nf6 2. Nf3 d5 3. g3 e6 4. Bg2 Be7 5. O-O O-O 6. c4 dxc4 7. Qc2 a6 8. a4 Nbd7 9. Qxc4 c5 10.
dxc5 Bxc5 11. Nc3 b5 12. Qh4 b4 13. Ne4 Nxe4 14. Qxe4 Ra7 15. Bg5 Qb6 16. a5 Qb5 17. Rfd1 1/2-1/2

[Event "Veteran-SM 65+ 2025"]
[Site "Uppsala, Sweden"]
[Date "2025.07.05"]
[Round "8.4"]
[White "Malmdin, Nils-Ake"]
[Black "Green, Per"]
[Result "1-0"]
[TimeControl "90 min for 40 move + 30 min with an increment of 30 sec starting move 1"]
[WhiteTitle "FM"]
[WhiteFideId "1701584"]
[BlackFideId "1703811"]
[WhiteElo "2103"]
[BlackElo "1954"]

1. e4 c5 2. Nf3 e6 3. d4 cxd4 4. Nxd4 Nc6 5. Nb5 d6 6. Bf4 e5 7. Be3 Be7 8. c4 Nf6 9. N1c3 a6 10.
Na3 Ng4 11. Nc2 Nxe3 12. Nxe3 O-O 13. g3 Nd4 14. Bg2 b5 15. O-O bxc4 16. Nxc4 Be6 17. Ne3 Rb8 18. Rb1 f5 19. exf5 Nxf5 20.
Ned5 Nd4 21. b4 Qd7 22. Nxe7+ Qxe7 23. Rb2 Rfc8 24. Nd5 Qf7 25. Ne3 Rc3 26. a4 Rb3 27. Rxb3 Bxb3 28. Qd3 Qa7 29.
b5 axb5 30. axb5 Be6 31. Rb1 Qc5 32. Bf1 d5 33. Qd1 h6 34. Rc1 Qd6 35. Qa4 Qb6 36. Qa6 Bf7 37. Qxb6 Rxb6 38. Rc5 Nf3+ 39.
Kh1 d4 40. Nc4 Bxc4 41. Bxc4+ Kh7 42. Bd3+ g6 43. Rc6 Rb8 44. Rxg6 Rf8 45. Rf6+ Kg7 46. Rxf8 Kxf8 47. b6 e4 48.
Bxe4 Ne5 49. b7 Nd7 50. Kg1 Ke7 51. Kf1 Kd6 52. Ke2 Kc5 53.
Kd3 Ne5+ 54. Kc2 Nd7 55. f4 Kc4 56. g4 d3+ 57. Bxd3+ Kd4 58. Kd2 1-0

[Event "Veteran-SM 65+ 2025"]
[Site "Uppsala, Sweden"]
[Date "2025.07.05"]
[Round "8.5"]
[White "Dolata, Henryk"]
[Black "Andersson, Anders"]
[Result "0-1"]
[TimeControl "90 min for 40 move + 30 min with an increment of 30 sec starting move 1"]
[WhiteFideId "1709046"]
[BlackFideId "1738259"]
[WhiteElo "1958"]
[BlackElo "1991"]

1. e4 c5 2. c3 Nf6 3. e5 Nd5 4. d4 cxd4 5. cxd4 d6 6. Nf3 Nc6 7. Bc4 Nb6 8. Bb5 a6 9. Bxc6+ bxc6 10.
O-O g6 11. Re1 Bg7 12. exd6 Qxd6 13. b3 Nd5 14. Ba3 Qf6 15. Nbd2 O-O 16. Rc1 Bf5 17. Ne5 Rfc8 18. g4 Be6 19.
Nxc6 Rc7 20. Ne5 Rac8 21. Rxc7 Rxc7 22. Ne4 Qh4 23. f3 Bh6 24. Nc5 Bc8 25. Bc1 Nf4 26. Bxf4 Bxf4 27. Re2 Bb7 28.
Qd3 Qh3 29. Rf2 Bxe5 30. b4 Bf4 31. a4 Bd5 32. b5 axb5 33. axb5 Ra7 34. Na6 Qh6 35. Rc2 Qf8 36. Rc5 Qd8 37. Qc3 Ra8 38. b6 Qxb6 39. Nc7 Bxc7 40.
Rxc7 Qb1+ 41. Kg2 Ra2+ 42. Kg3 Qg1+ 43. Kf4 Qxh2+ 44. Ke3 g5 0-1

[Event "Veteran-SM 65+ 2025"]
[Site "Uppsala, Sweden"]
[Date "2025.07.05"]
[Round "8.6"]
[White "Wedin, Svante"]
[Black "Carlsson, Ingvar"]
[Result "0-1"]
[TimeControl "90 min for 40 move + 30 min with an increment of 30 sec starting move 1"]
[WhiteFideId "1711989"]
[BlackFideId "1702670"]
[WhiteElo "1864"]
[BlackElo "1987"]

1. e4 e6 2. d4 d5 3. Nc3 Nf6 4. e5 Nfd7 5. f4 c5 6. Nf3 Nc6 7. Be3 Qb6 8. Na4 Qa5+ 9. c3 cxd4 10.
Nxd4 Nxd4 11. Bxd4 b5 12. b4 Qxa4 13. Qxa4 bxa4 14. Bb5 a3 15. Bc6 Rb8 16. Bxa7 Rb7 17. Bxb7 Bxb7 18. Rb1 Be7 19.
O-O O-O 20. Rfd1 Ra8 21. Be3 f6 22. exf6 Nxf6 23. Rb3 Bc6 24. Bc1 Bb5 25. Rxa3 Rxa3 26. Bxa3 Bc4 27. Ra1 Ne4 28. Bb2 Bf6 29.
a4 Nxc3 30. Bxc3 Bxc3 31. Rb1 Ba2 32. Rc1 Bxb4 33. Rc8+ Kf7 34. Kf2 Bb3 35. Ra8 Bc5+ 36. Kg3 d4 37. a5 d3 38. Rd8 Bd5 0-1

[Event "Veteran-SM 65+ 2025"]
[Site "Uppsala, Sweden"]
[Date "2025.07.05"]
[Round "8.7"]
[White "Magnussen, Pal"]
[Black "Hogberg, Thomas"]
[Result "0-1"]
[TimeControl "90 min for 40 move + 30 min with an increment of 30 sec starting move 1"]
[WhiteFideId "1711814"]
[BlackFideId "1706039"]
[WhiteElo "1954"]
[BlackElo "1979"]

1. e4 e6 2. d4 d5 3. e5 c5 4. c3 Nc6 5. Nf3 Qb6 6. Bd3 Bd7 7. O-O Nh6 8. dxc5 Bxc5 9. b4 Be7 10.
a4 Ng4 11. Bf4 f6 12. exf6 Nxf6 13. a5 Qd8 14. a6 b6 15. Re1 Qc8 16. Na3 O-O 17. Nb5 Ne4 18. Bc1 Nd8 19. Bxe4 dxe4 20.
Nfd4 e5 21. Qb3+ Kh8 22. Rxe4 exd4 23. Nxd4 Bf6 24. Bb2 Nc6 25. Nf3 Qc7 26. Rae1 Rae8 27. Qf7 Qd8 28. Rxe8 Rxe8 29. Rd1 Re7 30.
Qd5 Qe8 31. b5 Ne5 32. Nd4 Nd3 0-1

[Event "Veteran-SM 65+ 2025"]
[Site "Uppsala, Sweden"]
[Date "2025.07.05"]
[Round "8.8"]
[White "Haggvik, Kjell"]
[Black "Lundquist, Leif"]
[Result "1/2-1/2"]
[TimeControl "90 min for 40 move + 30 min with an increment of 30 sec starting move 1"]
[WhiteFideId "1776495"]
[BlackFideId "1710990"]
[WhiteElo "1932"]
[BlackElo "1890"]

1. c4 c5 2. Nc3 Nc6 3. g3 g6 4. Bg2 Bg7 5. Nf3 d6 6. O-O Qd7 7. e3 Bxc3 8. bxc3 b6 9. d4 Bb7 10.
Qa4 Na5 11. Qxd7+ Kxd7 12. dxc5 bxc5 13. Rb1 Kc7 14. Rb5 Nc6 15. Nd2 Nf6 16. Ba3 Rhb8 17. Rfb1 Nd7 18. Kf1 Ba6 19. Ke2 Nde5 20. Bxc6 Nxc6 21. Rxb8 Rxb8 22.
Rxb8 Kxb8 23. f4 Kc7 24. e4 Na5 25. Kd3 Kc6 26. Bc1 e6 27. Nb3
Bxc4+ 28. Kc2 Bxb3+ 29. axb3 c4 30. b4 Nb7 31. Be3 a5 32. bxa5 Nc5 33. e5 dxe5 34. fxe5 Kb5 35. Bxc5 Kxc5 36. a6 Kb6 37. a7 Kxa7 38. Kd2 Kb6 39. Ke3 Kc6 40. Kd4 Kb5 41. Ke3 1/2-1/2

[Event "Veteran-SM 65+ 2025"]
[Site "Uppsala, Sweden"]
[Date "2025.07.06"]
[Round "9.1"]
[White "Johansson, Jan"]
[Black "Marttala, Thomas"]
[Result "1-0"]
[TimeControl "90 min for 40 move + 30 min with an increment of 30 sec starting move 1"]
[WhiteTitle "IM"]
[WhiteFideId "1700103"]
[BlackFideId "1701118"]
[WhiteElo "2258"]
[BlackElo "2123"]

1. d4 d5 2. Nf3 Nf6 3. c4 e6 4. Nc3 c6 5. Bg5 Nbd7 6. e3 h6 7. Bh4 Be7 8. Bd3 Nh5 9. Bxe7 Qxe7 10.
Ne5 Nhf6 11. f4 c5 12. O-O O-O 13. Qf3 dxc4 14. Bxc4 Nb6 15. Bb3 cxd4 16. exd4 Rd8 17. Rad1 Qb4 18.
Ne2 Nbd5 19. g4 Qe7 20. Ng3 Nh7 21. Ne4 Bd7 22. Qg3 Be8 23. g5 f5 24. gxf6 Nhxf6 25. Nxf6+ Qxf6 26. Ng4 Qg6 27.
f5 exf5 28. Rxf5 Bf7 29. Rxf7 1-0

[Event "Veteran-SM 65+ 2025"]
[Site "Uppsala, Sweden"]
[Date "2025.07.06"]
[Round "9.2"]
[White "Andersson, Anders"]
[Black "Malmdin, Nils-Ake"]
[Result "1-0"]
[TimeControl "90 min for 40 move + 30 min with an increment of 30 sec starting move 1"]
[BlackTitle "FM"]
[WhiteFideId "1738259"]
[BlackFideId "1701584"]
[WhiteElo "1991"]
[BlackElo "2103"]

1. e4 d5 2. exd5 Nf6 3. Nf3 Nxd5 4. d4 g6 5. c4 Nb6 6. Bd2 Bg7 7. Bc3 N8d7 8. a4 a5 9. Qd2 Nf6 10.
Bd3 Bg4 11. Ne5 Bd7 12. b3 Bc8 13. Bc2 O-O 14. O-O Bf5 15. Bxf5 gxf5 16. f3 Nfd7 17. Nd3 e6 18. Na3 c6 19.
Nc2 Nc8 20. Rab1 b6 21. Rfd1 Qf6 22. Bb2 Bh6 23. Qe2 Qg5 24. Bc1 Qg7 25. Ne5 Bxc1 26. Nxd7 Bf4 27. Nxf8 Qxf8 28. g3 Bd6 29.
f4 Ne7 30. Ne1 Qg7 31. Qg2 Kh8 32. Qf3 Rg8 33. Kh1 Qf6 34. Ng2 Qg6 35. Rb2 Rc8 36. Rbd2 Bb4 37. Rd3 h6 38. Qe2 Bd6 39.
Nh4 Qg7 40. Nf3 Kh7 41. Ne5 Kg8 42. Nd7 Bc7 43. Rg1 Rd8 44. g4 Rxd7 45. gxf5 Qxg1+ 46. Kxg1 Nxf5 47. Qg2+ Kf8 48. Qxc6 Ke7 49.
Qe4 Bd6 50. Kf1 1-0

[Event "Veteran-SM 65+ 2025"]
[Site "Uppsala, Sweden"]
[Date "2025.07.06"]
[Round "9.3"]
[White "Hogberg, Thomas"]
[Black "Sigeman, Johan"]
[Result "0-1"]
[TimeControl "90 min for 40 move + 30 min with an increment of 30 sec starting move 1"]
[WhiteFideId "1706039"]
[BlackFideId "1705601"]
[WhiteElo "1979"]
[BlackElo "2012"]

1. d4 Nf6 2. Nf3 e6 3. Bf4 d5 4. e3 c5 5. c3 Bd6 6. Bg3 Qc7 7. Bd3 Nbd7 8. Nbd2 e5 9. e4 dxe4 10.
Nxe4 Nxe4 11. Bxe4 exd4 12. cxd4 Nf6 13. Qd3 O-O 14. Bxd6 Qxd6 15. O-O cxd4 16. Rfe1 Bg4 17. Qxd4 Qxd4 18.
Nxd4 Rad8 19. Nb3 b6 20. Bc2 a5 21. f3 Be6 22. Rad1 g6 23. Kf2 Rxd1 24. Rxd1 Rc8 25. Rd2 Kf8 26.
a3 Rxc2 27. Rxc2 Bxb3 28. Rd2 Ke7 29.
Ke3 a4 30. g3 h5 31. h4 Nd5+ 32. Ke4 Ke6 33. g4 f5+ 34. gxf5+ gxf5+ 35. Kd4 Ne7 36. Rg2 Bd5 37. Ke3 Kf6 38.
Rg5 Bf7 39. f4 Nd5+ 40. Kf3 b5 41. Rg1 Nb6 42. Re1 Nc4 43. Re2 Bd5+ 44. Kf2 Be4 45. Ke1 Ke6 46. Kd1 Kd5 47. Kc1 Kd4 48.
Re1 Ne3 49. Rg1 Ng2 50. Kd2 Nxh4 0-1

[Event "Veteran-SM 65+ 2025"]
[Site "Uppsala, Sweden"]
[Date "2025.07.06"]
[Round "9.4"]
[White "Franchuck, Ivan"]
[Black "Larsson, Per-Olov"]
[Result "1-0"]
[TimeControl "90 min for 40 move + 30 min with an increment of 30 sec starting move 1"]
[WhiteFideId "14140187"]
[BlackFideId "1717774"]
[WhiteElo "2006"]
[BlackElo "1914"]

1. Nf3 Nf6 2. c4 e6 3. g3 d5 4. b3 Be7 5. Bg2 b6 6. O-O Bb7 7. Bb2 O-O 8. d4 Nbd7 9. cxd5 exd5 10.
Nc3 Ne4 11. Qc2 Ndf6 12. Ne5 Nxc3 13. Qxc3 Bd6 14. Rac1 Qe7 15.
e3 Rfc8 16. Bh3 Rf8 17. Nc6 Qe8 18. Rfd1 Bc8 19. Bg2 Bb7 20. Re1 Bxc6 21. Qxc6 Qxc6 22. Rxc6 Rfe8 23. f3 Re6 24. e4 Bxg3 25. Rxe6 Bxe1 26. Rc6 Ne8 27. e5 Bb4 28. f4 Rd8 29.
h4 Be7 30. h5 f6 31. Bh3 g6 32. Be6+ Kg7 33. Bg4 f5 34. Be2 Kf7 35. hxg6+ hxg6 36. Bb5 Rc8 37. Ba6 Rb8 38. a4 Rd8 39. Kf2 Bb4 40. Ke3 Kg7 41. Bb5 Rc8 42. Kd3 Kf7 43. Bc1 Ra8 44. Kc2 a6 45. Be2 a5 46. Be3 Be7 47. Bd2 Rd8 48. Bb5 Rc8 49. Kb2 Bf8 50. Be1 Be7 51. b4 axb4 52.
Kb3 Ng7 53. Ba6 Ra8 54. Bb7 Ra7 55. Bc8 Ra8 56. Rxc7 Ne8 57. Rc6 Kg7 58. Bd7 Rd8 59. Bxe8 Rxe8 60. Rxb6 Rh8 61. Bxb4 Rh3+ 62.
Bc3 Rf3 63. a5 Rf1 64. a6 1-0

[Event "Veteran-SM 65+ 2025"]
[Site "Uppsala, Sweden"]
[Date "2025.07.06"]
[Round "9.5"]
[White "Korning, Peter"]
[Black "Carlsson, Ingvar"]
[Result "1/2-1/2"]
[TimeControl "90 min for 40 move + 30 min with an increment of 30 sec starting move 1"]
[WhiteFideId "1723332"]
[BlackFideId "1702670"]
[WhiteElo "1944"]
[BlackElo "1987"]

1. e4 e6 2. d4 d5 3. Nc3 Nf6 4. e5 Nfd7 5. Nf3 c5 6. dxc5 Bxc5 7. Bd3 Nc6 8. Bf4 Be7 9. Bg3 O-O 10.
O-O b6 11. Re1 a5 12. a3 Ba6 13. Bxa6 Rxa6 14. Qe2 Ra8 15. Rad1 Qc8 1/2-1/2

[Event "Veteran-SM 65+ 2025"]
[Site "Uppsala, Sweden"]
[Date "2025.07.06"]
[Round "9.6"]
[White "Olsson, Torgny"]
[Black "Dolata, Henryk"]
[Result "0-1"]
[TimeControl "90 min for 40 move + 30 min with an increment of 30 sec starting move 1"]
[WhiteFideId "1717340"]
[BlackFideId "1709046"]
[WhiteElo "1907"]
[BlackElo "1958"]

1. d4 d5 2. Bf4 Nf6 3. e3 e6 4. Nd2 Bd6 5. Bg3 Bxg3 6. hxg3 e5 7. dxe5 Ng4 8. Ngf3 Nd7 9. c3 Ndxe5 10. Nxe5 Nxe5 11. Nf3 Ng4 12. Qc2 Nf6 13. O-O-O Qe7 14. Bd3 h6 15. Rde1 Be6 16. Nd4 O-O-O 17. Qa4 Kb8 18. Qb3 Rd6 19.
Qa3 Qd7 20. b4 Rb6 21. Kc2 Ng4 22. Re2 Rc8 23. Rd2 Ne5 24. Be2 Bf5+ 25. Kc1 c5 26. Nxf5 cxb4 27. Qa5 Rxc3+ 28. Kb2 Qxf5 29.
Qxd5 Qf6 30. Qd8+ Qxd8 31. Rxd8+ Kc7 32. Rhd1 Rbc6 33. R8d2 Kb6 34. f4 Nc4+ 35. Bxc4 R6xc4 36. Rd7 Rc7 37.
Rxc7 Kxc7 38. Rc1 Rxc1 39. Kxc1 f5 40. Kc2 Kd6 0-1

[Event "Veteran-SM 65+ 2025"]
[Site "Uppsala, Sweden"]
[Date "2025.07.06"]
[Round "9.8"]
[White "Vrabec, Josip"]
[Black "Haggvik, Kjell"]
[Result "1/2-1/2"]
[TimeControl "90 min for 40 move + 30 min with an increment of 30 sec starting move 1"]
[WhiteFideId "1714953"]
[BlackFideId "1776495"]
[WhiteElo "1908"]
[BlackElo "1932"]

1. e4 Nf6 2. Nc3 d5 3. exd5 Nxd5 4. Nxd5 Qxd5 5. d4 Bf5 6. Nf3 e6 7. Bd3 Bxd3 8. Qxd3 Be7 9.
O-O O-O 10. c4 Qd8 11. Bf4 1/2-1/2